 Dungeon Crawl Stone Soup version 0.30-a0-748-ge6a52f7cba (webtiles) character file.

Game seed: 9611181059665383759

214 kingofthe the Conjurer (level 5, -1/31 HPs)
             Began as an Octopode Conjurer on Feb 8, 2023.
             Slain by a scorpion (3 damage)
             ... on level 3 of the Dungeon.
             The game lasted 00:08:35 (3889 turns).

kingofthe the Conjurer (Octopode Conjurer)          Turns: 3889, Time: 00:08:36

Health: -1/31      AC:  1    Str:  6    XL:     5   Next: 91%
Magic:  7/10       EV: 14    Int: 20    God:
Gold:   173        SH:  0    Dex: 13    Spells: 7/10 levels left

rFire   . . .      SeeInvis +    y - +2 whip (holy)
rCold   . . .      Faith    .    (no shield)
rNeg    . . .      Spirit   .    (helmet restricted)
rPois   .          Reflect  .    (no amulet)
rElec   .          Harm     .    i - ring of see invisible
rCorr   .          Rampage  .    d - ring of flight
Will    .....                    (no ring)
Stlth   ++++                     (no ring)
HPRegen 0.25/turn                (no ring)
MPRegen 0.12/turn                (no ring)
                                 (no ring)
                                 (no ring)

@: lethally poisoned (-1 -> -13), flying
A: almost no armour, amphibious, 8 rings, camouflage 1, gelatinous body 1,
(nimble swimmer 1), tentacles
a: no special abilities


You were on level 3 of the Dungeon.
You visited 1 branch of the dungeon, and saw 4 of its levels.

You collected 173 gold pieces.

Inventory:

Hand Weapons
 a - a +1 dagger of speed
 w - a +2 heavy hand axe
 y - a +2 whip of holy wrath (weapon)
Magical Staves
 b - a staff of fire
 m - a staff of earth
Jewellery
 d - a ring of flight (right tentacle)
 i - a ring of see invisible (left tentacle)
 r - an amulet of faith
 x - a ring of willpower
Wands
 v - a wand of flame (24)
Scrolls
 e - a scroll of vulnerability {unknown}
 f - a scroll of acquirement {unknown}
 g - 2 scrolls of fear {unknown}
 h - 2 scrolls of blinking {unknown}
 n - a scroll of fog {unknown}
 p - a scroll of noise {unknown}
 s - 2 scrolls of identify {unknown}
 t - a scroll of teleportation {unknown}
 u - a scroll of poison {unknown}
Potions
 c - a potion of haste {unknown}
 j - a potion of cancellation {unknown}
 k - a potion of magic
 l - a potion of degeneration {unknown}
 o - a potion of flight {unknown}
 q - a potion of curing {unknown}


   Skills:
 + Level 3.2 Dodging
 + Level 4.6 Stealth
 + Level 3.4 Spellcasting
 + Level 4.8 Conjurations


You had 7 spell levels left.
You knew the following spells:

 Your Spells              Type           Power      Damage    Failure   Level
a - Magic Dart            Conj           88%        1d7       1%          1
b - Searing Ray           Conj           44%        2d6       2%          2

Your spell library contained the following spells:

 Spells                   Type           Power      Damage    Failure   Level
 Dazzling Flash           Conj/Hex       26%        N/A       16%         3
 Ignite Poison            Fire/Tmut/Pois 3%         N/A       38%         3
 Kindle Blastsparks       Fire/Tloc/Air  6%         2d10      38%         3
 Fulminant Prism          Conj/Hex       6%         3d7       45%         4
 Iskenderun's Mystic Bla  Conj/Tloc      13%        2d5       45%         4
 Freezing Cloud           Conj/Ice/Air   4%         6-21      89%         5
 Alistair's Intoxication  Tmut/Pois      2%         N/A       98%         5
 Borgnjor's Vile Clutch   Necr/Erth      1%         N/A       98%         5
 Eringya's Noxious Bog    Tmut/Pois      1%         N/A       100%        6


Dungeon Overview and Level Annotations

Branches:
Dungeon (4/15)
 Temple: D:4-7

Altars:
Xom

Annotations:
D:4 Pikel


Innate Abilities, Weirdness & Mutations

You cannot wear most types of armour.
You are amphibious.
You can wear up to eight rings at the same time.
Your skin changes colour to match your surroundings (Stealth+).
Your rubbery body absorbs attacks. (AC +1, EV +1)
((You are camouflaged when in or above water. (Stealth+)))
You have tentacles for arms and can constrict up to eight enemies at once.


Message History

A goblin comes into view. It is wielding a +0 club.
You fly upwards.
There is a stone staircase leading down here.
You start resting.
Magic restored.
There is a stone staircase leading down here.
You fly downwards.
Level annotation: Pikel The goblin shouts! x2; You hear a shout! x3; The ogre shouts!
The scorpion stings you.
A goblin comes into view. It is wielding a +0 club.
The goblin shouts!
There is a stone staircase leading up here.
You hear a shout!
The goblin shouts!
The scorpion stings you! The hobgoblin hits you. The goblin closely misses you.
The scorpion stings you.
You are poisoned.
The scorpion poisons you!
You fly upwards.
* * * LOW HITPOINT WARNING * * *
You feel very sick.
There is a stone staircase leading down here.
Casting: Magic Dart (safe; 1% risk of failure)
Confirm with . or Enter, or press ? or * to list all spells.
Aiming: Searing Ray (safe; 2% risk of failure)
Press: ? - help, Shift-Dir - straight line The searing ray hits the scorpion.
The scorpion is moderately wounded. (Press . to maintain the ray.)
* * * LOW HITPOINT WARNING * * *
You feel sick. The hobgoblin misses you. The scorpion stings you.
* * * LOW HITPOINT WARNING * * *
You are more poisoned.
The scorpion poisons you!
The searing ray hits the scorpion.
The scorpion is heavily wounded.
* * * LOW HITPOINT WARNING * * *
You feel very sick. The hobgoblin closely misses you. The scorpion stings you.
You die...

##..##.#..## #.#.#.
##.#.##....######.....
#.##..#.#..........#..
##.##.#..#.#######....
##(#.#....########.#.
##...###..........#.
##.## #.##.......#.
#s# #.##.####.### #@#
#.#...###.#
#g####.......#.###
#......#####.....#
#####..#...#...#.#
#...#...#.....
#..#...#....#.
##.#####...###
#..........#.
#).....###...


You could see a scorpion and a hobgoblin.

Vanquished Creatures
  Dowan (D:4)
  A gnoll (D:4)
  7 adders
  4 worms
  8 dart slugs
  4 ball pythons
  6 endoplasms
  A giant cockroach (D:4)
  5 goblins
  4 hobgoblins
  5 jackals (D:1)
  6 kobolds
  3 quokkas (D:1)
  4 bats
  5 frilled lizards
  6 rats
70 creatures vanquished.

Vanquished Creatures (others)
  A plant (D:1)
1 creature vanquished.

Grand Total: 71 creatures vanquished

Notes
Turn   | Place    | Note
-------+----------+-------------------------------------------
     0 | D:1      | kingofthe the Octopode Conjurer began the quest for the
                  | Orb.
     0 | D:1      | Reached XP level 1. HP: 11/11 MP: 3/3
   115 | D:1      | Reached XP level 2. HP: 6/17 MP: 0/5
   200 | D:1      | Learned a level 2 spell: Searing Ray
   612 | D:1      | Reached XP level 3. HP: 21/21 MP: 2/6
  1065 | D:1      | Found a faded altar of an unknown god.
  1826 | D:2      | Reached XP level 4. HP: 27/27 MP: 3/8
  2344 | D:2      | Found a shimmering altar of Xom.
  3155 | D:3      | Reached XP level 5. HP: 31/31 MP: 6/9
  3435 | D:4      | Noticed Pikel
  3435 | D:4      | Noticed a lemure
  3435 | D:4      | Noticed a lemure
  3435 | D:4      | Noticed a lemure
  3435 | D:4      | Noticed a lemure
  3537 | D:4      | Noticed an ogre
  3641 | D:4      | Noticed Dowan
  3728 | D:4      | Killed Dowan
  3752 | D:4      | Noticed a phantom
  3889 | D:3      | Slain by a scorpion

Illustrated notes

Levels and vault maps discovered:
D:1:      minmay_arrival_floating_metal, layout_basic,
          shapermc_ecumenical_altar_acropolis, ebering_dispersal_statue_hall
D:2:      layout_basic, basic_altar, patterned_corridor
D:3:      layout_loops_ring, minmay_distorted
D:4:      layout_rooms, minmay_temple_entry_waves, minmay_close_crescents,
          uniq_duvessa, uniq_robin, uniq_pikel, uniq_crazy_yiuf_cottage,
          uniq_sigmund

Skill      XL: |  1  2  3  4  5 |
---------------+----------------+-----
Stealth        | 3 4 |  4.6
Spellcasting   | 3 |  3.4
Dodging        | 3 |  3.2
Conjurations   | |  4.8

Action                     |  1- 3 |  4- 6 || total
---------------------------+-------+-------++-------
  Melee: Unarmed           |    10 |       ||    10
         Constrict         |     4 |       ||     4
         Tentacles         |     3 |       ||     3
   Cast: Magic Dart        |    65 |    66 ||   131
         Searing Ray       |     6 |    10 ||    16
  Dodge: Dodged            |    29 |     9 ||    38

Table legend: (Time is in decaauts)
 A = Elapsed time spent in this place.
 B = Non-inter-level travel time spent in this place.
 C = Inter-level travel time spent in this place.
 D = Time resting spent in this place.
 E = Time spent auto-exploring this place.
 F = Levels seen in this place.
 G = Mean time per level.
                   A        B        C        D        E       F      G
               +--------+--------+--------+--------+--------+-----+--------+
         Total |   3893 |   3660 |    233 |    287 |   2873 |   4 |  973.2 |
       Dungeon |   3893 |   3660 |    233 |    287 |   2873 |   4 |  973.2 |
               +--------+--------+--------+--------+--------+-----+--------+

Top non-repeatable levels by time:
     D:1: 1293 daAuts
     D:2: 1233 daAuts
     D:3: 1187 daAuts
     D:4: 178 daAuts
